 Dungeon Sprint DCSS version 0.23-a0-726-g9fa1570 (webtiles) character file.

205 Lanoc the Skirmisher (level 5, -6/48 HPs)
             Began as a Demonspawn Wanderer on Jan 17, 2019.
             Was an Initiate of Nemelex Xobeh.
             Killed from afar by a gargoyle (22 damage)
             ... with a stone arrow
             ... in the Dungeon (Sprint IX: "|||||||||||||||||||||||||||||").
             The game lasted 00:03:30 (345 turns).

Lanoc the Skirmisher (Demonspawn Wanderer)           Turns: 345, Time: 00:03:32

Health: -6/48      AC: 14    Str: 15    XL:     5   Next: 53%
Magic:  0/7        EV: 11    Int: 14    God:    Nemelex Xobeh [......]
Gold:   0          SH:  0    Dex: 13    Spells: 4/4 levels left

rFire    . . .     SeeInvis .   o - +2 halberd (freeze)
rCold    . . .     Gourm    .   (shield currently unavailable)
rNeg     . . .     Faith    .   p - +1 chain mail
rPois    .         Spirit   +   (no helmet)
rElec    .         Reflect  .   a - +0 cloak
rCorr    .         Harm     .   (no gloves)
MR       .....     NoTele   +   (no boots)
Stlth    ..........             (no amulet)
HPRegen  0.16/turn              q - +3 ring of strength
MPRegen  0.10/turn              r - +2 ring of evasion

@: very slightly contaminated, invisible
A: talons 1, yellow scales 1, magic shield
a: Draw Escape, Draw Destruction, Draw Summoning, Renounce Religion


You were in the Dungeon.
You worshipped Nemelex Xobeh.
Nemelex Xobeh was noncommittal.
You were not hungry.

You visited 1 branch

Inventory:

Hand Weapons
 o - a +2 halberd of freezing (weapon)
Armour
 a - a +0 cloak (worn)
 p - a +1 chain mail (worn)
Jewellery
 q - a +3 ring of strength (left hand)
 r - a +2 ring of evasion (right hand)
Wands
 n - a wand of acid (10)
Scrolls
 k - 2 scrolls of blinking
 l - 3 scrolls of remove curse
 m - 2 scrolls of amnesia
Potions
 c - a potion of lignification
 e - 5 potions of curing
 g - 3 potions of heal wounds
 h - a potion of haste
 i - 4 potions of magic
Comestibles
 f - a ration


   Skills:
 + Level 7.3 Fighting
 * Level 2.7(2.9) Polearms
   Level 1.0(2.0) Staves
 - Level 1.0 Throwing
 + Level 5.4 Armour
 + Level 5.6 Dodging
 - Level 1.0 Stealth
   Level 1.0 Shields
 * Level 3.6 Invocations


You had 4 spell levels left.
You didn't know any spells.
Your spell library was empty.

Dungeon Overview and Level Annotations

Branches:
Dungeon (1/1)

Altars:
Cheibriados
Dithmenos
Elyvilon
Fedhas
Gozag
Hepliaklqana
Kikubaaqudgha
Makhleb
Nemelex Xobeh
Okawaru
Qazlal
Ru
Sif Muna
Trog
Uskayaw
Vehumet
Wu Jian
Xom
Yredelemnul
Zin
The Shining One
Beogh
Jiyva
Lugonu


Innate Abilities, Weirdness & Mutations

You have sharp toenails.
You are partially covered in yellow scales. (AC +2)
When hurt, damage is shared between your health and your magic reserves.


Message History

The gargoyle hurls a stone arrow at you.
The stone arrow hits you!
The crimson imp hits you but does no damage.
Your chain mail prevents you from hitting the gargoyle.
Your kick misses the gargoyle.
The gargoyle is heavily damaged.
The gargoyle hurls a stone arrow at you.
The stone arrow hits you! The crimson imp barely misses you.
You fade into invisibility!
The gargoyle hits you with a +0 morningstar.
The crimson imp closely misses you.
You are very lightly contaminated with residual magic.
You hit the gargoyle but do no damage.
You claw the gargoyle, but do no damage.
The gargoyle is heavily damaged.
The crimson imp barely misses you.
The gargoyle hurls a stone arrow at you.
The stone arrow hits you!
You die...
Your body disappears without a glow. ▓▓▓▓▓▓▓▓▓▓▓▓▓▓▓▓▓▓▓▓▓▓▓▓ .....Z9@5.[.)|..'_______ ▓▓▓▓▓▓▓▓▓▓▓▓▓▓▓▓▓▓▓▓▓▓▓▓

You could see a gargoyle, a crimson imp and an adder zombie.

Vanquished Creatures
  A centaur (D)
  A quasit (D)
  An iguana (D)
  2 worker ants (D)
  An adder (D)
  A shadow imp (D)
  An adder zombie (D)
  A ball python (D)
  A hobgoblin (D)
  2 bats (D)
  A rat (D)
13 creatures vanquished.

Notes
Turn   | Place    | Note
-------+----------+-------------------------------------------
     0 | D        | Lanoc the Demonspawn Wanderer began the quest for the Orb.
     0 | D        | Lanoc set off with the following items: a +2 spear, a +0
                  | falchion, a potion of lignification, a +0 robe, a potion of
                  | curing, a ration, a potion of heal wounds, a potion of
                  | haste, 2 potions of magic, a potion of berserk rage, a
                  | scroll of blinking
     0 | D        | Reached XP level 1. HP: 19/19 MP: 1/1
    14 | D        | Reached skill level 1 in Armour
    87 | D        | Noticed a worker ant
    87 | D        | Noticed a worker ant
    87 | D        | Noticed a centaur
    92 | D        | Killed a centaur
    92 | D        | Reached skill level 6 in Fighting
    92 | D        | Gained mutation: When hurt, damage is shared between your
                  | health and your magic reserves. [demonic ancestry]
    92 | D        | Reached XP level 2. HP: 11/28 MP: 2/2
    92 | D        | Gained mutation: You are partially covered in yellow
                  | scales. (AC +2) [demonic ancestry]
    92 | D        | Reached XP level 3. HP: 14/34 MP: 3/3
    92 | D        | Reached XP level 4. HP: 16/40 MP: 4/4
   105 | D        | Reached skill level 7 in Fighting
   105 | D        | Reached skill level 5 in Armour
   105 | D        | Reached skill level 5 in Dodging
   105 | D        | Gained mutation: You have sharp toenails. [demonic
                  | ancestry]
   105 | D        | Reached XP level 5. HP: 18/48 MP: 5/5
   114 | D        | Found a roughly hewn altar of Beogh.
   114 | D        | Found a snail-covered altar of Cheibriados.
   114 | D        | Found a shadowy altar of Dithmenos.
   114 | D        | Found a white marble altar of Elyvilon.
   114 | D        | Found a blossoming altar of Fedhas.
   114 | D        | Found an opulent altar of Gozag.
   115 | D        | Found a hazy altar of Hepliaklqana.
   116 | D        | Found a viscous altar of Jiyva.
   117 | D        | Found an ancient bone altar of Kikubaaqudgha.
   118 | D        | Found a corrupted altar of Lugonu.
   119 | D        | Found a burning altar of Makhleb.
   120 | D        | Found a sparkling altar of Nemelex Xobeh.
   121 | D        | Found an iron altar of Okawaru.
   122 | D        | Found a stormy altar of Qazlal.
   123 | D        | Found a sacrificial altar of Ru.
   124 | D        | Found a deep blue altar of Sif Muna.
   125 | D        | Found a bloodstained altar of Trog.
   126 | D        | Found a hide-covered altar of Uskayaw.
   127 | D        | Found a radiant altar of Vehumet.
   128 | D        | Found an ornate altar of the Wu Jian Council.
   129 | D        | Found a shimmering altar of Xom.
   130 | D        | Found a basalt altar of Yredelemnul.
   131 | D        | Found a glowing silver altar of Zin.
   132 | D        | Found a glowing golden altar of the Shining One.
   142 | D        | Became a worshipper of Nemelex Xobeh the Trickster
   155 | D        | Received a gift from Nemelex Xobeh
   312 | D        | Noticed a gargoyle
   345 | D        | Killed from afar by a gargoyle

Vault maps used:
D:        linesprint

Skill      XL: |  1  2  3  4  5 |
---------------+----------------+-----
Armour         | 4 5 |  5.4
Dodging        | 4 5 |  5.6
Fighting       | 6 7 |  7.3
Invocations    | 3 |  3.6
Polearms       | 2 |  2.7
Staves         | |  1.0
Throwing       | |  1.0
Stealth        | |  1.0
Shields        | |  1.0

Action                   |  1- 3 |  4- 6 || total
-------------------------+-------+-------++-------
Melee: Spear             |    17 |    12 ||    29
       Halberd           |       |    32 ||    32
       Kick              |       |     7 ||     7
  Use: Potion            |     1 |     1 ||     2
Armor: Robe              |     4 |       ||     4
       Chain mail        |       |    28 ||    28
Dodge: Dodged            |    10 |    36 ||    46

Table legend:
 A = Non-vault XP
 B = Vault XP
 C = Vault XP percentage of total XP
 D = Non-vault monster count
 E = Vault monster count
 F = Vault count percentage of total count
                 A         B        C        D         E       F
            +---------+---------+-------+---------+---------+-------
      Total |       0 |     294 | 100.0 |       0 |      13 | 100.0
            +---------+---------+-------+---------+---------+-------
          D |       0 |     294 | 100.0 |       0 |      13 | 100.0
            +---------+---------+-------+---------+---------+-------
